 Dungeon Crawl Stone Soup version 0.30.0-3-ga4e48a9924 (webtiles) character file.

Game seed: 9443169115587485723

303833 SnakkuSnakku7 the Devastator (level 22, -18/140 HPs)
             Began as a Kobold Air Elementalist on May 8, 2023.
             Was an Initiate of Gozag.
             Killed from afar by a war gargoyle (34 damage)
             ... with a spray of metal splinters
             ... led by a peacekeeper
             ... on level 4 of the Vaults.
             The game lasted 01:45:12 (46607 turns).

SnakkuSnakku7 the Devastator (KoAE)                Turns: 46607, Time: 01:45:13

Health: -18/140    AC: 17    Str:  8    XL:     22   Next: 2%
Magic:  47/47      EV: 22    Int: 33    God:    Gozag
Gold:   8753       SH: 13    Dex: 22    Spells: 6/45 levels left

rFire   + + .        a - +2 short sword "SnakkuSnakku7's Death" {pain, *Slow rPois rCorr MP+9}
rCold   + . .        S - +2 kite shield {rC+}
rNeg    + . .        H - +0 steam dragon scales
rPois   +            y - +0 helmet
rElec   +            U - +2 cloak {Stlth+}
rCorr   +            C - +2 pair of gloves {Str+3}
SInv    +            G - +2 pair of boots
Will    +....        s - amulet of magic regeneration
Stlth   ++++++       O - ring "Apinn" {rN+ Int+6 Stlth+}
HPRegen 0.43/turn    R - ring "Puqu" {Fire *Corrode rElec Dex+6 SInv}
MPRegen 0.70/turn

%: corrode self (3%), slow self (1%)
@: mighty, resistant, gold aura
A: small, no large weapons, nightstalker 3
}: 2/15 runes: decaying, gossamer
a: Renounce Religion, Potion Petition, Call Merchant, Bribe Branch


You were on level 4 of the Vaults.
You worshipped Gozag.
Gozag was greatly pleased with you.
You visited 7 branches of the dungeon, and saw 35 of its levels.
You also visited: Sewer and Gauntlet.

You collected 17501 gold pieces.
You spent 6345 gold pieces at shops.
You paid 2403 gold pieces to Gozag.

Inventory:

Hand Weapons
 a - the +2 short sword "SnakkuSnakku7's Death" (weapon) {pain, *Slow rPois rCorr MP+9}
   (You bought it in a shop on level 2 of the Orcish Mines)

   rPois:     It protects you from poison.
   MP:        It affects your magic capacity (+9).
   rCorr:     It protects you from acid and corrosion.
   *Slow:     It may slow you when you take damage.
Missiles
 Y - a throwing net
Armour
 y - a +0 helmet (worn)
 C - a +2 pair of gloves of strength (worn)
 G - a +2 pair of boots (worn)
 H - +0 steam dragon scales (worn)
 J - a +1 buckler of protection
 S - a +2 kite shield of cold resistance (worn)
 U - a +2 cloak of stealth (worn)
Magical Staves
 w - the staff of air "Yqubrir" {rElec rF+ Int+2}
   (You found it on level 3 of the Vaults)

   [staff of air]

   Base accuracy: +5 Base damage: 5 Base attack delay: 1.2 This weapon's minimum
   attack delay (0.6) is reached at skill level 12.
   Int:       It affects your intelligence (+2).
   rF:        It protects you from fire.
   rElec:     It insulates you from electricity.
   It falls into the 'Staves' category.
   It is a two-handed weapon.
Jewellery
 m - an amulet of regeneration
 p - a ring of protection from fire
 s - an amulet of magic regeneration (around neck)
 N - the ring "Fiuquo" {rCorr Int+5}
   (You took it off a minotaur in a Gauntlet)

   [ring of resist corrosion]

   Int:       It affects your intelligence (+5).
   rCorr:     It protects you from acid and corrosion.
 O - the ring "Apinn" (left hand) {rN+ Int+6 Stlth+}
   (You found it on level 5 of the Lair of Beasts)

   [ring of intelligence]

   Int:       It affects your intelligence (+6).
   rN:        It protects you from negative energy.
   Stlth:     It makes you more stealthy.
 R - the ring "Puqu" (right hand) {Fire *Corrode rElec Dex+6 SInv}
   (You found it on level 5 of the Lair of Beasts)

   [ring of fire]

   It enhances your fire magic.
   Dex:       It affects your dexterity (+6).
   rF:        It protects you from fire.
   rC:        It makes you vulnerable to cold.
   rElec:     It insulates you from electricity.
   SInv:      It lets you see invisible.
   *Corrode:  It may corrode you when you take damage.
Wands
 q - a wand of iceblast (2)
 A - a wand of flame (11)
 L - a wand of digging (11)
 M - a wand of polymorph (16)
 T - a wand of mindburst (30)
 V - a wand of light (10)
 W - a wand of charming (7)
Scrolls
 i - 8 scrolls of magic mapping
 j - 6 scrolls of immolation
 k - 11 scrolls of amnesia
 l - 8 scrolls of teleportation
 r - 3 scrolls of silence
 t - 3 scrolls of enchant armour
 z - 9 scrolls of poison
 E - 11 scrolls of fog
 I - 2 scrolls of vulnerability
Potions
 b - 4 potions of magic
 c - 4 potions of flight
 e - 8 potions of might
 f - 4 potions of resistance
 g - 5 potions of berserk rage
 h - 7 potions of mutation
 o - 27 potions of curing
 v - 14 potions of ambrosia
 x - 6 potions of invisibility
 B - 2 potions of brilliance
 D - 7 potions of attraction
 K - 7 potions of haste
 P - 6 potions of heal wounds
 Q - 2 potions of cancellation
Miscellaneous
 n - a condenser vane
 F - a phantom mirror
 Z - a phial of floods


   Skills:
 - Level 15.0 Fighting
 - Level 5.0 Armour
 - Level 12.0 Dodging
 - Level 2.6 Stealth
 - Level 5.0 Shields
 - Level 12.0 Spellcasting
 - Level 20.0 Conjurations
 + Level 18.9 Fire Magic
 - Level 15.1 Air Magic


You had 6 spell levels left.
You knew the following spells:

 Your Spells              Type           Power      Damage    Failure   Level
a - Plasma Beam           Fire/Air       57%        2x1d80    1%          6
b - Conjure Ball Lightni  Conj/Air       47%        3x3d16    1%          6
c - Airstrike             Air            44%        2d(7-23)  1%          4
d - Shock                 Conj/Air       100%       1d9       0%          1
e - Starburst             Conj/Fire      61%        6d16      1%          6
f - Chain Lightning       Conj/Air       47%        3d62      100%        9
s - Swiftness             Air            88%        N/A       1%          3
z - Flame Wave            Conj/Fire      100%       2d21      1%          4

Your spell library contained the following spells:

 Spells                   Type           Power      Damage    Failure   Level
 Foxfire                  Conj/Fire      100%       2x1d9     0%          1
 Magic Dart               Conj           100%       1d8       0%          1
 Static Discharge         Conj/Air       100%       2-7/arc   0%          2
 Kiss of Death            Conj/Necr      100%       2d13      1%          1
 Dazzling Flash           Conj/Hex       100%       N/A       1%          3
 Stone Arrow              Conj/Erth      100%       3d13      1%          3
 Volatile Blastmotes      Fire/Tloc      100%       2d18      1%          3
 Fulminant Prism          Conj/Hex       36%        3d17      1%          4
 Iskenderun's Mystic Bla  Conj/Tloc      72%        2d15      1%          4
 Iskenderun's Battlesphe  Conj           100%       2d15      1%          5
 Freezing Cloud           Conj/Ice/Air   38%        6-21      2%          5
 Summon Lightning Spire   Summ/Air       63%        N/A       5%          4
 Irradiate                Conj/Tmut      36%        3d23      5%          5
 Apportation              Tloc           38%        N/A       12%         1
 Necrotise                Necr           76%        1d7       12%         1
 Sandblast                Erth           38%        2d10      12%         1
 Summon Small Mammal      Summ           76%        N/A       12%         1
 Ensorcelled Hibernation  Hex/Ice        38%        N/A       17%         2
 Lesser Beckoning         Tloc           38%        N/A       17%         2
 Passwall                 Tmut/Erth      15%        N/A       17%         2
 Call Canine Familiar     Summ           19%        N/A       34%         3
 Confusing Touch          Hex            19%        N/A       34%         3
 Gell's Gravitas          Tloc           19%        N/A       34%         3
 Spider Form              Tmut/Pois      19%        N/A       34%         3
 Summon Guardian Golem    Hex/Summ       19%        N/A       34%         3
 Teleport Other           Tloc           19%        N/A       34%         3
 Vampiric Draining        Necr           19%        2d7       34%         3
 Anguish                  Hex/Necr       9%         N/A       75%         4
 Animate Armour           Summ/Erth      38%        N/A       75%         4
 Cause Fear               Hex            9%         N/A       75%         4
 Dispel Undead            Necr           19%        3d11      75%         4
 Manifold Assault         Tloc           19%        N/A       75%         4
 Petrify                  Tmut/Erth      19%        N/A       75%         4
 Summon Ice Beast         Ice/Summ       19%        N/A       75%         4
 Agony                    Necr           19%        N/A       97%         5
 Alistair's Intoxication  Tmut/Pois      12%        N/A       97%         5
 Borgnjor's Vile Clutch   Necr/Erth      9%         N/A       97%         5
 Lee's Rapid Deconstruct  Erth           9%         3d7*      97%         5
 Metabolic Englaciation   Hex/Ice        9%         N/A       97%         5
 Summon Forest            Summ/Tloc      9%         N/A       97%         5
 Summon Mana Viper        Hex/Summ       19%        N/A       97%         5
 Death Channel            Necr           9%         N/A       100%        6
 Dispersal                Tloc           9%         N/A       100%        6
 Statue Form              Tmut/Erth      12%        N/A       100%        6
 Ignition                 Fire           60%        3d16      32%         8
 Fire Storm               Conj/Fire      61%        8d15      99%         9
 Dragon Form              Tmut           9%         N/A       100%        7
 Enfeeble                 Hex            9%         N/A       100%        7
 Malign Gateway           Summ/Tloc      9%         N/A       100%        7
 Monstrous Menagerie      Summ           9%         N/A       100%        7
 Summon Hydra             Summ           9%         N/A       100%        7
 Disjunction              Tloc           9%         N/A       100%        8
 Summon Horrible Things   Summ           9%         N/A       100%        8
 Dragon's Call            Summ           9%         N/A       100%        9
 Polar Vortex             Ice            9%         N/A       100%        9
 Animate Dead             Necr           Unusable   N/A       N/A         4

Dungeon Overview and Level Annotations

Branches:
Dungeon (15/15)            Temple (1/1) D:6            Lair (5/5) D:9
  Swamp (4/4) Lair:3       Spider (4/4) Lair:3        Slime (0/5) Lair:5
    Orc (2/2) D:10            Elf (0/3) Orc:2        Vaults (4/5) D:13
  Crypt (0/3) Vaults:2     Depths (0/4) D:15          Sewer (visited)
Gauntlet (visited)

Altars:
Ashenzari
Cheibriados
Dithmenos
Elyvilon
Fedhas
Gozag
Hepliaklqana
Kikubaaqudgha
Makhleb
Nemelex Xobeh
Okawaru
Qazlal
Ru
Sif Muna
Trog
Uskayaw
Vehumet
Wu Jian
Xom
Yredelemnul
Zin
The Shining One
Jiyva

Shops:
D:4 (   D:5 :   D:8 =[   D:15 :   Orc:1 ?[=   Orc:2 (!*!   Vaults:1 *
Vaults:3 !

Annotations:
Vaults:2 Mara


Innate Abilities, Weirdness & Mutations

You are small and have problems with some larger weapons.
You are completely attuned to the shadows.


Message History

* * * LOW HITPOINT WARNING * * *
Okay, then.
Okay, then. [a] - 510 gold - lignification, might and resistance [b] - 253 gold - curing and magic [c] - 176 gold - heal wounds and curing Purchase which effect?
You feel much better.
You feel better.
The war gargoyle launches metal splinters at you.
The spray of metal splinters hits you!!
* * * LOW HITPOINT WARNING * * *
The crystal guardian hits you!
* * * LOW HITPOINT WARNING * * *
The war gargoyle launches metal splinters at you.
The spray of metal splinters misses you.
Unknown command. [a] - 286 gold - curing and magic [b] - 432 gold - heal wounds, magic and curing [c] - 220 gold - curing and magic Purchase which effect?
You feel much better. Magic courses through your body.
You feel better.
The war gargoyle hits you with a +3 morningstar of protection!!!
* * * LOW HITPOINT WARNING * * *
The crystal guardian fires a crystalline bolt at you.
The crystal bolt misses you.
As you read the scroll of summoning, it crumbles to dust.
Wisps of shadow whirl around you... You block the war gargoyle's attack.
The crystal guardian is distracted by your dazzling golden aura.
Unknown command. [a] - 300 gold - haste [b] - 575 gold - resistance, might, curing and magic [c] - 336 gold - haste and brilliance Purchase which effect?
You feel protected.
You feel very mighty all of a sudden.
You feel better. Magic courses through your body.
You block the war gargoyle's attack.
The war gargoyle launches metal splinters at you.
The spray of metal splinters hits you!!
You die...
Your body crumbles into a pile of gold.

.... ..
##########....#
...#........#....#
...#.G...<..#....#
...9..TpT...'....#
...9@p.Tp...[)...#
...#..T.....#....#
...#.pp.T..(#....#
.. ##########....+
#....#


You could see a crystal guardian (strong, ally target), a war gargoyle (strong,
catching breath, ally target), 2 friendly ironbound preservers, a friendly vault
warden (summoned), a friendly vault guard (summoned), a friendly great orb of
eyes (summoned), 5 friendly deep trolls and a friendly vault sentinel
(summoned).

Vanquished Creatures
  Mennas (Vaults:2)
  2 sphinxes
  Frances (Spider:2)
  Agnes (D:14)
  Kirke (Spider:1)
  3 tengu reavers
  3 thorn hunters
  7 emperor scorpions
  4 frost giants
  6 vault wardens
  Aizul (Vaults:1)
  Louise (Spider:2)
  A fire giant (Vaults:1)
  9 ironbound preservers
  5 ghost moths
  3 orc warlords
  2 broodmothers
  The ghost of Ytheofip the Cleaver, a journeyman FoFi of Okawaru (D:14)
  2 stone giants
  4 very ugly things
  8 ironbound thunderhulks
  The ghost of Shukka the Fighter, a journeyman MiBe of Trog (D:12)
  The ghost of jujuben the Skirmisher, a journeyman MiHu of Nemelex Xobeh (Lair:5)
  4 eleionomae
  5 dire elephants
  4 bunyips
  A minotaur (Gauntlet)
  The ghost of mnelsen79 the Severer, a journeyman MiBe of Trog (Orc:2)
  6 spark wasps
  A deep elf death mage (Vaults:2)
  6 great orbs of eyes
  2 shambling mangroves (Swamp:4)
  7 entropy weavers
  A fire dragon (D:15)
  Josephine (D:11)
  6 yaktaur captains
  Erolcha (D:12)
  29 hydras
  8 vault guards
  An ice dragon (D:15)
  4 radroaches
  11 centaur warriors
  A ghost crab (Swamp:3)
  A peacekeeper (Vaults:4)
  3 jorogumos (Spider:4)
  5 ogre magi
  3 catoblepae
  7 alligators
  12 ironbound frosthearts
  18 two-headed ogres
  A naga warrior (Orc:2)
  8 boulder beetles
  18 death yaks
  8 death scarabs (Spider:4)
  A deep troll earth mage (D:14)
  A deep troll shaman (Lair:5)
  3 tengu warriors
  2 vampire magi (Vaults:2)
  6 pharaoh ants
  3 skysharks
  A deep elf knight (Orc:2)
  Sonja (D:12)
  A sun moth (Spider:3)
  18 deep trolls
  2 sixfirhies (Gauntlet)
  8 goliath frogs
  7 swamp dragons
  8 bog bodies
  A spectral jorogumo (Spider:4)
  6 orb spiders
  5 spriggan druids
  5 steelbarb worms
  5 harpies (Vaults:1)
  Pikel (D:7)
  A lindwurm (Vaults:2)
  4 necromancers
  12 ironbound convokers
  8 orc knights
  8 wizards
  The ghost of themargong the Firebug, a novice DsCA of Ignis (D:4)
  An orc sorcerer (Orc:1)
  A wolf spider zombie (Spider:4)
  14 wolf spiders
  26 ugly things
  2 manticores
  A moth of wrath (Spider:4)
  8 cyclopes
  4 will-o-the-wisps
  32 elephants
  5 black mambas
  Joseph (D:7)
  8 demonic crawlers
  9 vault sentinels
  2 gargoyles
  Maggie (D:7)
  15 cane toads
  3 torpor snails
  7 kobold demonologists
  2 efreet (D:14)
  4 spectral redbacks (Spider:4)
  4 rime drakes
  7 yaktaurs
  12 komodo dragons
  A freezing wraith (D:14)
  A tengu conjurer (D:13)
  An elf skeleton (Vaults:2)
  A polar bear (Lair:4)
  3 spectral tarantellas (Spider:4)
  A queen bee (Lair:3)
  13 blink frogs
  A bloated husk (Swamp:2)
  3 spectral jumping spiders (Spider:4)
  16 tarantellas
  5 trolls
  9 tyrant leeches
  A culicivora zombie (Spider:4)
  9 hornets
  3 jumping spider zombies (Spider:4)
  2 tarantella zombies (Spider:4)
  7 dream sheep (Lair:3)
  19 jumping spiders
  12 spriggans
  Sigmund (D:2)
  5 wraiths
  13 slime creatures
  A vampire (D:12)
  A shadow (D:10)
  An ettin skeleton (Vaults:2)
  5 wyverns
  21 culicivoras
  2 steam dragons
  7 basilisks
  Grum (D:9)
  27 yaks
  4 hogs (Spider:1)
  17 humans (D:13)
  72 redbacks
  Menkaure (D:7)
  11 vampire mosquitoes
  3 wargs
  A two-headed ogre zombie (D:10)
  16 swamp worms
  9 water moccasins
  3 acid dragons
  4 sky beasts
  12 swamp drakes
  16 orc warriors
  3 black bears
  23 wolves
  4 boggarts (D:15)
  7 centaurs
  26 ogres
  3 lemures
  A phantom (D:10)
  10 kobold brigands
  6 necrophages (Lair:3)
  A gnoll sergeant (D:9)
  2 scorpions
  11 bullfrogs
  21 wights
  A human simulacrum (Vaults:2)
  2 troll zombies (D:10)
  49 killer bees
  4 howler monkeys
  An electric eel (D:8)
  4 jellies
  4 hounds
  12 orc priests
  2 iguanas (D:7)
  15 orc wizards
  5 ogre zombies (D:10)
  14 adders
  10 gnolls
  A river rat (Sewer)
  A shadow imp (D:6)
  A white imp (D:6)
  4 worms
  A dart slug (D:5)
  51 orcs
  6 endoplasms
  6 giant cockroaches
  6 goblins
  6 hobgoblins
  2 jackals (D:1)
  13 kobolds
  3 quokkas
  12 ball pythons
  7 bats
  5 frilled lizards
  A goblin skeleton (D:10)
  A goblin zombie (D:10)
  A hobgoblin zombie (D:10)
  6 orc skeletons (D:10)
  16 orc zombies (D:10)
  11 rats
  5 briar patches (Swamp:2)
  A spectral weapon (D:14)
1310 creatures vanquished.

Vanquished Creatures (collateral kills)
  The ghost of LustLizard the Geomancer, a journeyman GrEE of Vehumet (Lair:2)
  A death yak (Lair:1)
  A black mamba (Lair:2)
3 creatures vanquished.

Vanquished Creatures (others)
  A bloated husk (Swamp:2)
  A floating eye (shapeshifter) (D:14)
  A boggart (D:15)
  17 demonic plants (Gauntlet)
  8 foxfires
  52 fungi
  51 plants
131 creatures vanquished.

Grand Total: 1444 creatures vanquished

Notes
Turn   | Place    | Note
-------+----------+-------------------------------------------
     0 | D:1      | SnakkuSnakku7 the Kobold Air Elementalist began the quest
                  | for the Orb.
     0 | D:1      | Reached XP level 1. HP: 10/10 MP: 3/3
   144 | D:1      | Reached XP level 2. HP: 4/15 MP: 0/5
   526 | D:1      | Reached skill level 2 in Conjurations
   544 | D:1      | Reached XP level 3. HP: 19/19 MP: 6/6
  1254 | D:2      | Noticed Sigmund
  1653 | D:2      | Reached XP level 4. HP: 18/24 MP: 3/7
  1699 | D:2      | Learned a level 4 spell: Airstrike
  2317 | D:3      | Found a glowing golden altar of the Shining One.
  2560 | D:3      | Reached XP level 5. HP: 27/28 MP: 6/9
  2746 | D:3      | Found a blossoming altar of Fedhas.
  3028 | D:4      | Noticed an ogre
  3037 | D:4      | Noticed themargong's ghost (novice DsCA)
  3071 | D:4      | Found a runed translucent door.
  3297 | D:4      | Noticed a sky beast
  3309 | D:4      | Found Nosaor's Antique Weapon Boutique.
  3464 | D:4      | Reached XP level 6. HP: 32/32 MP: 7/11
  3662 | D:5      | Entered Level 5 of the Dungeon
  3667 | D:5      | Reached skill level 5 in Air Magic
  3708 | D:5      | Found Fyfeskint's Tremendous Tomes.
  3807 | D:5      | Found a glowing drain.
  3813 | Sewer    | Entered a sewer
  4315 | Sewer    | Reached XP level 7. HP: 34/36 MP: 13/13
  5175 | D:4      | Reached XP level 8. HP: 41/41 MP: 6/14
  5352 | D:2      | Killed Sigmund
  5810 | D:6      | Reached skill level 1 in Fighting
  6291 | D:6      | Found a staircase to the Ecumenical Temple.
  6321 | Temple   | Entered the Ecumenical Temple
  6512 | Temple   | Became a worshipper of Gozag Ym Sagoz the Greedy
  6900 | D:6      | Reached XP level 9. HP: 23/52 MP: 13/15
  7022 | D:7      | Reached skill level 5 in Fighting
  7034 | D:7      | Noticed Joseph
  7388 | D:7      | Reached skill level 5 in Dodging
  7607 | D:7      | Found the +2 cloak of the Thief {*Fog Slay-2 SInv Stlth+}
  7684 | D:7      | Noticed Maggie
  7713 | D:7      | Killed Maggie
  7922 | D:7      | Killed Joseph
  7923 | D:7      | Reached skill level 10 in Air Magic
  7923 | D:7      | Reached XP level 10. HP: 59/59 MP: 1/16
  8057 | D:7      | Identified the +7 sling of Duty {antimagic, Fragile Dex+2
                  | Stlth+}
  8373 | D:7      | Noticed Menkaure
  8375 | D:7      | Killed Menkaure
  9231 | D:8      | Found Madokk's Antique Armour Boutique.
  9231 | D:8      | Found Baghomeb's Jewellery Shoppe.
  9237 | D:8      | Bought a glowing buckler for 180 gold pieces
  9753 | D:8      | Found a sparkling altar of Nemelex Xobeh.
  9753 | D:8      | Found a hazy altar of Hepliaklqana.
  9984 | D:7      | Noticed Pikel
  9993 | D:7      | Killed Pikel
 10505 | D:9      | Reached XP level 11. HP: 62/63 MP: 9/17
 10589 | D:9      | Found a staircase to the Lair.
 10895 | D:9      | Noticed Grum
 10915 | D:9      | Killed Grum
 11256 | D:10     | Entered Level 10 of the Dungeon
 11725 | D:10     | Found a staircase to the Orcish Mines.
 12380 | D:10     | Reached skill level 15 in Air Magic
 12803 | Lair:1   | Entered Level 1 of the Lair of Beasts
 13047 | Lair:1   | Noticed an elephant
 13060 | Lair:1   | Killed an elephant
 13102 | Lair:1   | Noticed an elephant
 13113 | Lair:1   | Killed an elephant
 13120 | Lair:1   | Reached XP level 12. HP: 51/73 MP: 1/18
 13723 | Lair:1   | Reached skill level 10 in Fighting
 13723 | Lair:1   | Reached skill level 1 in Fire Magic
 13750 | Lair:1   | Noticed a death yak
 13751 | Lair:1   | Noticed a death yak
 13751 | Lair:1   | Noticed a death yak
 13793 | Lair:1   | Killed a death yak
 14004 | Lair:1   | Noticed a death yak
 14004 | Lair:1   | Noticed a death yak
 14166 | D:5      | Bought Sif Muna's Grimoire of the Torrid Snowflakes for
                  | 1316 gold pieces
 14173 | D:5      | Learned a level 6 spell: Plasma Beam
 14177 | D:5      | Learned a level 3 spell: Swiftness
 14505 | Lair:2   | Noticed a six-headed hydra
 14698 | Lair:1   | Killed a death yak
 14744 | Lair:1   | Killed a death yak
 14745 | Lair:1   | Reached skill level 5 in Fire Magic
 14807 | Lair:1   | Killed a death yak
 14855 | Lair:1   | Killed a death yak
 15617 | Lair:2   | Noticed a five-headed hydra
 15742 | Lair:2   | Killed a six-headed hydra
 15743 | Lair:2   | Reached XP level 13. HP: 11/82 MP: 0/19
 17368 | Lair:2   | Killed a five-headed hydra
 17369 | Lair:2   | Reached skill level 10 in Fire Magic
 17604 | Lair:3   | Reached skill level 5 in Spellcasting
 17664 | Lair:3   | Found a hole to the Spider Nest.
 17773 | Lair:3   | Found a runed translucent gate.
 17773 | Lair:3   | Noticed a four-headed hydra
 17775 | Lair:3   | Noticed a seven-headed hydra
 17777 | Lair:3   | Found a runed translucent gate.
 17777 | Lair:3   | Found a runed translucent gate.
 18827 | Lair:3   | Reached skill level 1 in Armour
 19506 | Lair:3   | Noticed LustLizard's ghost (journeyman GrEE)
 19685 | Lair:3   | Found a staircase to the Swamp.
 19770 | Lair:3   | Reached XP level 14. HP: 88/88 MP: 18/26
 19862 | Lair:3   | Reached skill level 5 in Armour
 19862 | Lair:3   | Reached skill level 1 in Shields
 19970 | Lair:2   | Killed LustLizard's ghost
 20332 | Lair:4   | Reached skill level 5 in Shields
 21865 | Lair:5   | Entered Level 5 of the Lair of Beasts
 22064 | Lair:5   | Found a runed translucent gate.
 22065 | Lair:5   | Noticed jujuben's ghost (journeyman MiHu)
 22066 | Lair:5   | Found a runed translucent gate.
 22067 | Lair:5   | Found a runed translucent gate.
 22080 | Lair:5   | Identified the ring "Apinn" {rN+ Int+6 Stlth+}
 22327 | Lair:5   | Reached XP level 15. HP: 89/92 MP: 17/27
 22566 | Lair:5   | Identified the ring "Puqu" {Fire *Corrode rElec Dex+6 SInv}
 22655 | Lair:5   | Found a staircase to the Slime Pits.
 22736 | Lair:5   | Found a viscous altar of Jiyva.
 23556 | Lair:5   | Killed jujuben's ghost
 23605 | Lair:5   | Identified the +4 great mace "Joufu" {flame, Will+ MP+9
                  | Str+6 Dex+2}
 24041 | D:11     | Learned a level 4 spell: Flame Wave
 24107 | D:11     | Reached skill level 3 in Conjurations
 24211 | D:11     | Noticed Josephine
 24213 | D:11     | Killed Josephine
 24282 | D:11     | Found a bloodstained altar of Trog.
 24286 | D:11     | Reached skill level 4 in Conjurations
 24630 | D:12     | Noticed Erolcha
 24631 | D:12     | Killed Erolcha
 24729 | D:12     | Found a runed translucent gate.
 24732 | D:12     | Found a runed translucent gate.
 24733 | D:12     | Found a runed translucent gate.
 24737 | D:12     | Noticed Shukka's ghost (journeyman MiBe)
 24877 | D:12     | Reached skill level 5 in Conjurations
 25099 | D:12     | Reached skill level 6 in Conjurations
 25196 | D:12     | Noticed Sonja
 25197 | D:12     | Killed Sonja
 25394 | D:12     | Killed Shukka's ghost
 25480 | Orc:1    | Entered Level 1 of the Orcish Mines
 25719 | Orc:1    | Reached skill level 7 in Conjurations
 25739 | Orc:1    | Found Gossurghi's Magic Scroll Emporium.
 25745 | Orc:1    | Bought a scroll of acquirement for 884 gold pieces
 25745 | Orc:1    | Bought a scroll of fog for 68 gold pieces
 25745 | Orc:1    | Bought a scroll of teleportation for 51 gold pieces
 25877 | Orc:1    | Found Utuzee's Jewellery Shop.
 25882 | Orc:1    | Bought a +6 ring of intelligence for 468 gold pieces
 25985 | Orc:1    | Found Ezxiexeis's Armour Boutique.
 26047 | Orc:2    | Entered Level 2 of the Orcish Mines
 26108 | Orc:2    | Reached skill level 8 in Conjurations
 26108 | Orc:2    | Reached XP level 16. HP: 24/97 MP: 6/28
 26396 | Orc:2    | Reached skill level 9 in Conjurations
 26553 | Orc:2    | Found Orchoxya's Distillery.
 26553 | Orc:2    | Found Inira's Weapon Shop.
 26554 | Orc:2    | Found Sefeejur's Distillery.
 26554 | Orc:2    | Found Vaetooze's General Store.
 26596 | Orc:2    | Bought a potion of heal wounds for 65 gold pieces
 26596 | Orc:2    | Bought a potion of haste for 130 gold pieces
 26596 | Orc:2    | Bought a potion of mutation for 104 gold pieces
 26597 | Orc:2    | Bought a potion of heal wounds for 70 gold pieces
 26598 | Orc:2    | Bought the +2 short sword "SnakkuSnakku7's Death" {pain,
                  | *Slow rPois rCorr MP+9} for 761 gold pieces
 26601 | Orc:2    | Bought a potion of heal wounds for 70 gold pieces
 26601 | Orc:2    | Bought a potion of magic for 112 gold pieces
 26626 | Orc:2    | Reached skill level 10 in Conjurations
 26736 | Orc:2    | Found a runed translucent gate.
 26736 | Orc:2    | Found a runed translucent gate.
 26737 | Orc:2    | Identified the +10 plate armour of Buociadd {Str+6 Int-2}
 27143 | Orc:2    | Found a staircase to the Elven Halls.
 27170 | Orc:2    | Found a runed translucent gate.
 27170 | Orc:2    | Identified the +10 great mace "Did Pyiph" {freeze, rPois
                  | rC- Str+2 Dex+3}
 27256 | Orc:2    | Noticed mnelsen79's ghost (journeyman MiBe)
 27276 | Orc:2    | Killed mnelsen79's ghost
 27347 | Orc:2    | Found an iron altar of Okawaru.
 27502 | D:13     | Acquired the Reference Book on Assaults and Summoning
 27511 | D:13     | Learned a level 6 spell: Conjure Ball Lightning
 27563 | D:13     | Reached skill level 10 in Dodging
 27676 | D:13     | Found a gate leading to a gauntlet.
 27683 | Gauntlet | Entered a Gauntlet
 27683 | Gauntlet | Found a transporter.
 27797 | Gauntlet | Found a transporter.
 27833 | Gauntlet | Found a transporter.
 27846 | Gauntlet | Found a transporter.
 27859 | Gauntlet | Found a transporter.
 27895 | Gauntlet | Found a transporter.
 27914 | Gauntlet | Found a transporter.
 27914 | Gauntlet | Found a transporter.
 27922 | Gauntlet | Found a transporter.
 27922 | Gauntlet | Found a transporter.
 27955 | Gauntlet | Found a transporter.
 27955 | Gauntlet | Found a transporter.
 28103 | Gauntlet | Identified the ring "Jepawk" {Str+6 Int+5 Stlth-}
 28118 | Gauntlet | Identified the ring "Fiuquo" {rCorr Int+5}
 28211 | D:13     | Found a runed translucent gate.
 28213 | D:13     | Found a runed translucent gate.
 28230 | D:13     | Found a runed translucent gate.
 28232 | D:13     | Noticed Maxmaps's ghost (adept FoSk)
 28554 | D:13     | Found a gate to the Vaults.
 29120 | D:14     | Reached XP level 17. HP: 102/102 MP: 27/30
 29125 | D:14     | Reached skill level 10 in Spellcasting
 29310 | D:14     | Found a transporter.
 29317 | D:14     | Found a transporter.
 29317 | D:14     | Noticed Ytheofip's ghost (journeyman FoFi)
 29764 | D:14     | Noticed Agnes
 29770 | D:14     | Killed Agnes
 29921 | D:15     | Entered Level 15 of the Dungeon
 30060 | D:15     | Found a staircase to the Depths.
 30318 | D:15     | Found a glowing golden altar of the Shining One.
 30327 | D:15     | Identified the +1 leather armour of Minor Irritation {-Cast
                  | Regen+ rCorr Dex-4}
 30425 | D:15     | Found Bavappoc's Book Shoppe.
 30430 | D:15     | Bought a book of Spectacle for 680 gold pieces
 30437 | D:15     | Learned a level 6 spell: Starburst
 30820 | D:14     | Killed Ytheofip's ghost
 31054 | D:4      | Killed themargong's ghost
 31111 | D:5      | Bought the Tractate on Collective Destruction for 984 gold
                  | pieces
 31121 | D:5      | Learned a level 9 spell: Chain Lightning
 31320 | Spider:1 | Entered Level 1 of the Spider Nest
 31320 | Spider:1 | Found the +8 longbow "Zephyr" {speed, Dex+3 SInv}
 31520 | Spider:1 | Reached skill level 11 in Conjurations
 31749 | Spider:1 | Noticed Kirke
 32210 | Spider:1 | Killed Kirke
 32321 | Spider:1 | Acquired 760 gold pieces
 32363 | Spider:2 | Reached skill level 12 in Conjurations
 32678 | Spider:2 | Noticed Frances
 32681 | Spider:2 | Killed Frances
 32927 | Spider:2 | Noticed Louise
 32930 | Spider:2 | Killed Louise
 33274 | Spider:3 | Reached skill level 13 in Conjurations
 33323 | Spider:2 | Reached XP level 18. HP: 64/107 MP: 24/34
 33828 | Spider:3 | Reached skill level 14 in Conjurations
 33893 | Spider:3 | Identified the +8 great mace "Raex" {drain, rPois Will+
                  | Str-4 Stlth+}
 34788 | Spider:4 | Entered Level 4 of the Spider Nest
 34928 | Spider:4 | Reached skill level 15 in Conjurations
 35712 | Spider:4 | Reached skill level 16 in Conjurations
 36370 | Spider:4 | Reached XP level 19. HP: 111/112 MP: 23/35
 36373 | Spider:4 | Reached skill level 17 in Conjurations
 36665 | Spider:4 | Got a gossamer rune of Zot
 36952 | Swamp:1  | Entered Level 1 of the Swamp
 37302 | Swamp:1  | Identified the +0 shortbow "Faraeniu" {antimagic, rC++}
 38038 | Swamp:2  | Found an iron altar of Okawaru.
 39353 | Swamp:4  | Entered Level 4 of the Swamp
 39984 | Swamp:4  | Reached XP level 20. HP: 92/128 MP: 33/36
 40052 | Swamp:4  | Got a decaying rune of Zot
 40156 | Swamp:4  | Reached skill level 15 in Fighting
 40183 | Swamp:4  | Reached skill level 18 in Conjurations
 40330 | Swamp:4  | Found the +10 zealot's sword {holy, Zealotry, *Rage rN+
                  | EV+3}
 40792 | Vaults:1 | Entered Level 1 of the Vaults
 41416 | Vaults:1 | Reached skill level 19 in Conjurations
 41695 | Vaults:1 | Noticed Aizul
 41703 | Vaults:1 | Killed Aizul
 42106 | Vaults:1 | Reached skill level 20 in Conjurations
 42109 | Vaults:1 | Reached skill level 15 in Fire Magic
 42874 | Vaults:1 | Found Ekepozea's Assorted Antiques.
 42879 | Vaults:1 | Bought a potion of curing for 114 gold pieces
 42992 | Vaults:1 | Identified the +1 triple crossbow of the Secret Wonders
                  | {antimagic, rF+ rC++}
 43186 | Vaults:2 | Reached XP level 21. HP: 36/134 MP: 28/37
 44430 | Vaults:2 | Found a staircase to the Crypt.
 44572 | Vaults:2 | Noticed Mara
 44574 | Vaults:2 | Noticed Mennas
 44579 | Vaults:2 | Noticed SnakkuSnakku7's illusion
 45140 | Vaults:3 | Identified the staff of cold "Jempimou" {Fly rC+ Int+3
                  | Dex-5}
 45142 | Vaults:3 | Identified the staff of air "Yqubrir" {rElec rF+ Int+2}
 45489 | Vaults:3 | You fall into a shaft and drop 1 floor!
 45526 | Vaults:3 | Found Rughiry's Distillery.
 45535 | Vaults:3 | Bought a potion of haste for 120 gold pieces
 45535 | Vaults:3 | Bought a potion of heal wounds for 60 gold pieces
 45535 | Vaults:3 | Bought a potion of curing for 36 gold pieces
 45535 | Vaults:3 | Bought a potion of curing for 36 gold pieces
 45535 | Vaults:3 | Bought a potion of curing for 36 gold pieces
 45613 | Vaults:2 | Killed Mennas
 46443 | Vaults:3 | Reached XP level 22. HP: 83/140 MP: 8/38
 46605 | Vaults:4 | HP: 5/140 [war gargoyle/+3 morningstar of protection[a
                  | peacekeeper] (40)]
 46607 | Vaults:4 | Killed from afar by a war gargoyle

Illustrated notes

Levels and vault maps discovered:
D:1:      elethiomel_arrival_maze, layout_loops_ring, amethyst_killhole,
          corner_web_ring, minmay_liquid_box
D:2:      minmay_evil_eye, layout_basic, uniq_sigmund
D:3:      layout_basic, mainiacjoe_overflow_big_doors
D:4:      layout_basic, hellmonk_ghost_happy_afterlife, serial_shops, shop
D:5:      layout_loops_cross, cheibrodos_sewer_entry_sluice,
          nicolae_shop_i_like_big_books, nicolae_concentric_dashed_squares_mild
D:6:      layout_basic, temple_hall
D:7:      layout_loops_ring, minmay_misc_feat_five, grunt_decor_mini_mirrors,
          grunt_ministairs_12, eino_jars, uniq_menkaure, uniq_maggie,
          uniq_pikel, uniq_joseph
D:8:      layout_gridville, gammafunk_temple_overflow_elements,
          nicolae_wooded_promenade
D:9:      layout_loops_ring, lair_entry_dummy, uniq_grum
D:10:     layout_gridville, zombieorc2_lemuel, nicolae_elevator_lobby_asterisk
D:11:     layout_cross, small_statue_alley_a, trog_antimagical, uniq_josephine
D:12:     layout_roguey, ebering_ghost_rock_garden, uniq_erolcha, uniq_sonja
D:13:     layout_cave_pools, grunt_vaults_entry_tiered, gauntlet_entry_generic,
          gammafunk_ghost_nasty_kobolds
D:14:     layout_basic, gammafunk_ghost_arena, ebering_dispersal_statue_hall,
          uniq_agnes
D:15:     grunt_enter_depths_snipers, layout_loops_ring, chequers_jeans,
          serial_shops, shop, nicolae_tso_swordbearing_angel
Temple:   dpeg_five_rooms_temple
Lair:1:   layout_hall_layers
Lair:2:   nzn_winding_woodlands_cross [nzn_winding_woodlands_5x15_parted,
          nzn_winding_woodlands_5x15_twine,
          nzn_winding_woodlands_5x15_pathside_ponds,
          nzn_winding_woodlands_5x15_crooked,
          nzn_winding_woodlands_15x15_boxy_spiral], layout_loops_ring
Lair:3:   regret_index_bee_streams, layout_long_grid, minmay_swamp_entry_worms,
          spider_nest_entry_web_field, gammafunk_ghost_split,
          roderic_carrion_pond, grunt_megastairs_2
Lair:4:   layout_long_grid, minivault_23
Lair:5:   grunt_lair_end_beastmaster, layout_cave_pods, slime_entry_1,
          gammafunk_ghost_hydra_chop
Swamp:1:  layout_basic_swamp, evilmike_swamp_ruin_house_2, swamp_pool5
Swamp:2:  layout_basic_swamp, serial_swamp_ruin, evilmike_swamp_ruin_house_6,
          evilmike_swamp_ruin_rubble_2, evilmike_swamp_ruin_house_4,
          swamp_pool1, lemuel_altar_in_water2, nicolae_swamp_catching_bugs
Swamp:3:  layout_falls_marsh, evilmike_swamp_ruin_rubble_1, swamp_pool3,
          nicolae_swamp_dense_foliage
Swamp:4:  swamp_basic_johnstein, layout_basic_swamp, nicolae_swamp_baby_hydras
Spider:1: layout_spider_delve, uniq_kirke
Spider:2: layout_spider_delve, uniq_frances, uniq_louise
Spider:3: mumra_spider_spiderweb
Spider:4: floodkiller_spider_rune_tomb
Orc:1:    layout_caves, serial_shops, shop, shop, nicolae_lakefront_shop
Orc:2:    st_orc_ogre_mass, layout_diamond_mine, basic_altar,
          gammafunk_ghost_fury_of_okawaru, minmay_orc_temple_a
Vaults:1: v_rooms_2, nicolae_vaults_stepped_doors,
          vaults_standard_mumra_enter_the_diamond,
          nicolae_vaults_whirlpool_walls, nicolae_vaults_mitosis,
          nicolae_vaults_offset_grid_hallway_3, nicolae_vaults_hallways_thing,
          nicolae_vaults_yaktaur_gun_rack, hangedman_vaults_snaps,
          hangedman_vaults_impose, nicolae_vaults_tetromino_Z_1,
          nicolae_vaults_diamond_2, vaults_room_pools,
          layout_vaults_chaotic_city, serial_shops, shop, uniq_aizul
Vaults:2: minmay_crypt_entry_simple_plaza, vaults_dpeg_encased_lava,
          nicolae_vaults_antechamber_and_loot_room, vaults_room_fours,
          nicolae_vaults_specimen_jars, nicolae_vaults_offset_grid_hallway_3,
          nicolae_vaults_wine_cellar, v_misc_22, nicolae_vaults_apartment_1,
          layout_vaults_quadrants, uniq_mara, uniq_mennas
Vaults:3: ontoclasm_vaults_chip, nicolae_vaults_twisting_passages,
          vaults_mumra_chevron, v_alt_pattern_6, v_misc_32,
          ontoclasm_vaults_tryst, vaults_room_semicircle,
          nicolae_vaults_tangram_2, vaults_dpeg_spiral,
          nicolae_vaults_ring_of_whatevers, nicolae_vaults_diffraction_hallways,
          layout_vaults_omnibox, serial_shops, nicolae_shop_statue_plus,
          uniq_margery
Vaults:4: nicolae_vaults_network_square, nicolae_vaults_trapezoid_lopsided_3,
          v_misc_5, v_rooms_6, ontoclasm_vaults_hangar, vaults_mumra_hexcomb,
          nicolae_vaults_little_squares_1, nicolae_vaults_tetromino_Z_2,
          ontoclasm_vaults_loading_screen, nicolae_vaults_cornered_office,
          nicolae_vaults_more_shelving_1, layout_vaults_omnicross, serial_shops,
          nicolae_square_shop, uniq_xtahua

Skill      XL: |  1  2  3  4  5  6  7  8  9 10 11 12 13 14 15 16 17 18 19 20 21 |
---------------+----------------------------------------------------------------+-----
Conjurations   | 2 8 10 13 16 17 20 | 20.0
Air Magic      | 4 5 7 9 10 13 15 | 15.1
Spellcasting   | 3 4 8 9 12 | 12.0
Fighting       | 4 5 7 10 14 15 | 15.0
Dodging        | 8 12 | 12.0
Fire Magic     | 8 10 12 14 15 18 | 18.9
Armour         | 4 5 |  5.0
Shields        | 5 |  5.0
Stealth        | |  2.6

Action                     |  1- 3 |  4- 6 |  7- 9 | 10-12 | 13-15 | 16-18 | 19-21 | 22-24 || total
---------------------------+-------+-------+-------+-------+-------+-------+-------+-------++-------
  Melee: Short sword       |    90 |    30 |       |       |       |   110 |    59 |       ||   289
         Punch             |     1 |       |     1 |       |       |       |       |       ||     2
         Dagger            |       |    72 |   123 |   381 |   293 |    17 |       |       ||   886
   Cast: Shock             |    23 |    66 |    73 |    13 |       |       |       |       ||   175
         Airstrike         |       |       |    53 |   274 |   256 |     6 |       |       ||   589
         Plasma Beam       |       |       |       |       |   137 |   105 |    32 |       ||   274
         Flame Wave        |       |       |       |       |    14 |    40 |     2 |       ||    56
         Starburst         |       |       |       |       |       |   233 |   422 |     6 ||   661
 Invoke: Potion Petition   |       |       |       |       |       |     1 |     1 |     3 ||     5
  Evoke: Wand              |       |       |     7 |     8 |       |     1 |     5 |       ||    21
         Phantom mirror    |       |       |       |     1 |     2 |       |       |       ||     3
         Condenser vane    |       |       |       |       |       |       |     1 |       ||     1
    Use: Scroll            |     2 |     4 |     9 |    15 |     8 |     9 |     4 |     1 ||    52
         Potion            |       |     4 |     1 |     1 |     1 |     1 |    13 |       ||    21
   Stab: Sleeping          |    17 |    22 |     3 |     2 |     3 |     1 |       |       ||    48
         Distracted        |       |     1 |       |     2 |       |       |       |       ||     3
         Invisible         |       |     2 |     4 |     1 |       |       |       |       ||     7
 Armour: Robe              |    22 |    26 |    26 |       |       |       |       |       ||    74
         Steam dragon scal |       |       |     5 |   105 |   185 |    88 |   134 |     1 ||   518
  Dodge: Dodged            |    74 |    81 |   153 |   341 |   411 |   428 |   362 |     5 ||  1855
  Block: Buckler           |       |       |       |    83 |   119 |   155 |    74 |       ||   431
         Kite shield       |       |       |       |       |       |       |   158 |     5 ||   163
